 Dungeon Crawl Stone Soup version 0.21.1-1-g345015f (webtiles) character file.

26946 empire the Nimble (level 13, -1/101 HPs)
             Began as a Gnoll Gladiator on Apr 6, 2018.
             Was an Elder of Ashenzari.
             Killed from afar by a wolf (22 damage)
             ... with an exploding inner flame
             ... hexed by the player character
             ... on level 2 of the Lair of Beasts.
             The game lasted 00:46:44 (14975 turns).

empire the Nimble (Gnoll Gladiator)                Turns: 14975, Time: 00:46:45

Health: -1/101     AC: 17    Str: 21    XL:     13   Next: 29%
Magic:  25/25      EV: 22    Int: 16    God:    Ashenzari [****..]
Gold:   643        SH: 13    Dex: 17    Spells: 19/28 levels left

rFire    . . .     SeeInvis +   a - +3 broad axe (elec) (curse)
rCold    . . .     Gourm    .   X - +2 buckler "Cikuonix" {Int+5} (curse)
rNeg     . . .     Faith    .   g - +0 ring mail
rPois    .         Spirit   .   c - +2 helmet (curse)
rElec    .         Reflect  +   F - +2 cloak (curse)
rCorr    .         Harm     .   i - +2 pair of gloves (curse)
MR       .....     Clarity  +   (no boots)
Stlth    +++.......             n - +4 amulet of reflection (curse)
HPRegen  0.26/turn              s - +4 ring of slaying (curse)
MPRegen  0.19/turn              W - +2 ring of evasion

@: no status effects
A: distributed training, fangs 1, strong nose
a: Curse Item, Scrying, Renounce Religion


You were on level 2 of the Lair of Beasts.
You worshipped Ashenzari.
Ashenzari was greatly pleased with you.
You were not hungry.

You visited 3 branches of the dungeon, and saw 16 of its levels.
You also visited: Sewer and Ossuary.

You collected 1139 gold pieces.
You spent 496 gold pieces at shops.

Inventory:

Hand Weapons
 a - a cursed +3 broad axe of electrocution (weapon)
 b - a +0 blowgun
 m - a +1 war axe
 z - a +0 great sword
 P - a +0 broad axe
Missiles
 d - 5 throwing nets
 o - 10 arrows
 t - 10 needles of confusion
 u - 18 tomahawks (quivered)
 A - 4 poisoned tomahawks
 M - 85 poisoned needles
 O - 2 curare-tipped needles
 U - 6 bolts
Armour
 c - a cursed +2 helmet (worn)
 g - a +0 ring mail (worn)
 i - a cursed +2 pair of gloves (worn)
 F - a cursed +2 cloak (worn)
 N - a scarf of spirit shield
 X - the cursed +2 buckler "Cikuonix" (worn) {Int+5}
   (You bought it in a shop on level 10 of the Dungeon)

   It affects your intelligence (+5).
   It has a curse placed upon it.
Jewellery
 j - an uncursed amulet of regeneration
 n - a cursed +4 amulet of reflection (around neck)
 s - a cursed +4 ring of slaying (left hand)
 y - an uncursed ring of protection from fire
 H - an uncursed ring of protection from fire
 W - a +2 ring of evasion (right hand)
Wands
 p - a wand of polymorph (17)
 q - a wand of paralysis (14)
 K - a wand of flame (11)
 R - a wand of digging (34)
 T - a wand of clouds (5)
Scrolls
 h - a scroll of holy word
 k - 10 scrolls of teleportation
 v - 5 scrolls of fog
 w - 3 scrolls of blinking
 x - 5 scrolls of magic mapping
 C - 3 scrolls of enchant armour
 E - 3 scrolls of immolation
 J - 3 scrolls of identify
 Q - 6 scrolls of remove curse
 Y - 3 scrolls of fear
Potions
 e - 6 potions of magic
 l - 2 potions of flight
 r - 3 potions of brilliance
 B - a potion of ambrosia
 G - a potion of lignification
 I - a potion of resistance
 L - a potion of curing
 S - 2 potions of agility
 V - a potion of heal wounds
Miscellaneous
 D - a crystal ball of energy
Comestibles
 f - 34 rations


   Skills:
 + Level 9.3 Fighting
 + Level 8.0 Short Blades
 + Level 8.0 Long Blades
 + Level 10.3(13.5) Axes
 + Level 8.0 Maces & Flails
 + Level 8.0 Polearms
 + Level 8.0 Staves
 + Level 8.0 Slings
 + Level 8.0 Bows
 + Level 8.0 Crossbows
 + Level 9.3 Throwing
 + Level 8.0(10.3) Armour
 + Level 10.3(12.4) Dodging
 + Level 8.0 Stealth
 + Level 8.0(10.3) Shields
 + Level 8.0 Unarmed Combat
 + Level 8.0 Spellcasting
 + Level 6.6(9.0) Conjurations
 + Level 6.6(9.0) Hexes
 + Level 6.6(9.0) Charms
 + Level 6.6(9.0) Summonings
 + Level 6.6(9.0) Necromancy
 + Level 6.6(9.0) Translocations
 + Level 6.6(9.0) Transmutations
 + Level 6.6(9.0) Fire Magic
 + Level 6.6(9.0) Ice Magic
 + Level 6.6(9.0) Air Magic
 + Level 6.6(9.0) Earth Magic
 + Level 6.6(9.0) Poison Magic
 + Level 8.8 Invocations
 + Level 8.0(10.3) Evocations


You had 19 spell levels left.
You knew the following spells:

 Your Spells              Type           Power        Failure   Level  Hunger
a - Blink                 Tloc           N/A          1%          2    None
b - Call Imp              Summ           #####...     1%          2    None
c - Slow                  Hex            #####...     1%          2    None
d - Mephitic Cloud        Conj/Pois/Air  #####...     1%          3    ##.....


Dungeon Overview and Level Annotations

Branches:
Dungeon (13/15)            Temple (1/1) D:4            Lair (2/6) D:9
    Orc (0/2) D:10
  Swamp: Lair:2-4    Shoals: Lair:2-4     Snake: Lair:2-4    Spider: Lair:2-4
 Vaults: D:13-14

Altars:
Ashenzari
Cheibriados
Dithmenos
Elyvilon
Fedhas
Gozag
Hepliaklqana
Kikubaaqudgha
Makhleb
Nemelex Xobeh
Okawaru
Qazlal
Ru
Sif Muna
Trog
Uskayaw
Vehumet
Wu Jian
Xom
Yredelemnul
Zin
The Shining One
Beogh
Lugonu

Shops:
D:9 *   D:10 *

Annotations:
D:13 Snorg


Innate Abilities, Weirdness & Mutations

Your experience applies equally to all skills.
You have very sharp teeth.
Your uncanny sense of smell can sniff out nearby items.


Message History

The wolf howls!
You bite the wolf.
The wolf is lightly wounded.
You closely miss the wolf. You slash the wolf!
Lightning courses through the wolf!
The wolf explodes!
The fiery explosion engulfs the wolf.
The wolf is almost dead.
The fiery explosion engulfs you!
You hit the wolf.
The wolf explodes!
The fiery explosion engulfs the wolf.
The wolf explodes!
The fiery explosion engulfs the wolf.
The wolf explodes!
The fiery explosion engulfs the wolf.
The wolf explodes!
The fiery explosion engulfs you! x2
* * * LOW HITPOINT WARNING * * *
The fiery explosion engulfs you!
You die...

.........#.####..................
..P.....#####*##.................
###.....# ###. #...%..##.PP#.....
.##.....# #...##......##.###.....
..#.....P #............#. ......
.#......#*#...........#., .#.....
.. , #..#.##§%....#,,.##..... * *
*##,###§§..%..#. *,, , , ***
#§§@§...... * , , , ,,,
,....§§§§§...... , , ,, ,,
,..%.§§§§§...... ,, ,, ,, , ,,
...%..........., ,, , , ,
,....h....%..... , , , * ,,
............... , , , , * , ,
...........[..., , , ,,,
.............#. , ,, ,* ** **, ,,
,* *


You could see a wolf (inner flame).

Vanquished Creatures
  The ghost of Redear the Carver, a journeyman OpSk of Hepliaklqana (D:12)
  3 hydras
  2 two-headed ogres
  The ghost of miragecloak the Fighter, a novice FoAK of Lugonu (D:10)
  A death knight (D:12)
  Erica (D:10)
  3 skeletal warriors
  An unseen horror (D:10)
  A deep elf mage (D:12)
  A cyclops (D:12)
  2 black mambas (Lair:1)
  A gargoyle (D:11)
  5 spiny frogs
  A kobold demonologist (D:8)
  2 trolls
  5 hippogriffs
  A shadow (D:12)
  Sigmund (D:6)
  A wyvern (D:6)
  12 yaks
  A basilisk (Lair:2)
  4 hungry ghosts
  The ghost of empire the Ducker, an amateur GnGl (D:4)
  3 water moccasins (Lair:1)
  6 porcupines
  3 sky beasts
  10 orc warriors
  4 black bears
  4 phantoms
  A necrophage (D:11)
  7 ogres
  4 wolves (Lair:2)
  11 centaurs
  An eye of draining (D:10)
  4 crocodiles (Lair:1)
  12 big kobolds
  9 bullfrogs
  2 wyvern zombies
  An elf skeleton (D:8)
  A wyvern skeleton (D:7)
  A water moccasin skeleton (D:10)
  A scorpion (D:10)
  A troll zombie (D:10)
  12 killer bees
  10 wights
  3 howler monkeys (D:8)
  4 centaur zombies
  9 crimson imps
  A bullfrog zombie (D:13)
  A jelly (D:6)
  5 orc priests
  A bullfrog skeleton (D:7)
  3 hounds
  4 orc wizards
  3 centaur skeletons
  A human skeleton (D:8)
  4 iguanas
  8 worker ants
  A big kobold zombie (Ossuary)
  5 ogre zombies (D:10)
  A hound zombie (D:5)
  4 mummies (Ossuary)
  4 gnolls (D:8)
  A howler monkey skeleton (D:4)
  15 adders
  5 river rats
  A shadow imp (D:7)
  2 adder skeletons
  An adder zombie (D:6)
  A worm (D:4)
  4 dart slugs
  7 leopard geckos
  53 orcs
  20 ball pythons
  7 giant cockroaches
  2 gnoll zombies (D:8)
  11 goblins
  4 hobgoblins
  12 jackals
  A quokka (D:2)
  6 bats
  13 frilled lizards
  3 goblin skeletons (D:10)
  2 goblin zombies (D:10)
  2 hobgoblin skeletons (D:10)
  6 hobgoblin zombies
  27 kobolds
  A leopard gecko skeleton (D:5)
  3 orc skeletons
  10 orc zombies
  34 rats
  5 fungi
  12 plants
493 creatures vanquished.

Vanquished Creatures (collateral kills)
  3 blink frogs (Lair:1)
  A bullfrog (Lair:1)
4 creatures vanquished.

Vanquished Creatures (others)
  Maurice (D:11)
  A kobold (D:8)
  A fungus (D:9)
3 creatures vanquished.

Grand Total: 500 creatures vanquished

Notes
Turn   | Place    | Note
-------+----------+-------------------------------------------
     0 | D:1      | empire the Gnoll Gladiator began the quest for the Orb.
     0 | D:1      | Reached XP level 1. HP: 20/20 MP: 1/1
   168 | D:1      | Reached XP level 2. HP: 26/26 MP: 2/2
   422 | D:1      | Reached XP level 3. HP: 31/31 MP: 3/3
   860 | D:2      | Reached skill level 1 in Invocations
   901 | D:2      | Reached skill level 1 in Short Blades
   901 | D:2      | Reached skill level 1 in Long Blades
   901 | D:2      | Reached skill level 1 in Maces & Flails
   901 | D:2      | Reached skill level 1 in Polearms
   901 | D:2      | Reached skill level 1 in Staves
   901 | D:2      | Reached skill level 1 in Slings
   901 | D:2      | Reached skill level 1 in Bows
   901 | D:2      | Reached skill level 1 in Crossbows
   901 | D:2      | Reached skill level 1 in Armour
   901 | D:2      | Reached skill level 1 in Stealth
   901 | D:2      | Reached skill level 1 in Shields
   901 | D:2      | Reached skill level 1 in Unarmed Combat
   901 | D:2      | Reached skill level 1 in Spellcasting
   901 | D:2      | Reached skill level 1 in Evocations
   945 | D:2      | Reached XP level 4. HP: 37/38 MP: 5/5
  1123 | D:2      | Found a burning altar of Makhleb.
  1166 | D:2      | Reached skill level 1 in Conjurations
  1166 | D:2      | Reached skill level 1 in Hexes
  1166 | D:2      | Reached skill level 1 in Charms
  1166 | D:2      | Reached skill level 1 in Summonings
  1166 | D:2      | Reached skill level 1 in Necromancy
  1166 | D:2      | Reached skill level 1 in Translocations
  1166 | D:2      | Reached skill level 1 in Transmutations
  1166 | D:2      | Reached skill level 1 in Fire Magic
  1166 | D:2      | Reached skill level 1 in Ice Magic
  1166 | D:2      | Reached skill level 1 in Air Magic
  1166 | D:2      | Reached skill level 1 in Earth Magic
  1166 | D:2      | Reached skill level 1 in Poison Magic
  1292 | D:2      | Found a stormy altar of Qazlal.
  1301 | D:2      | Found a hazy altar of Hepliaklqana.
  1443 | D:2      | Found an opulent altar of Gozag.
  1446 | D:2      | Found an ornate altar of the Wu Jian Council.
  1726 | D:3      | Reached XP level 5. HP: 41/43 MP: 6/6
  2344 | D:4      | Reached XP level 6. HP: 49/50 MP: 8/8
  2354 | D:4      | Found a glowing drain.
  2361 | Sewer    | Entered a sewer
  2583 | Sewer    | Reached skill level 5 in Fighting
  2583 | Sewer    | Reached skill level 5 in Throwing
  2645 | Sewer    | Reached XP level 7. HP: 36/56 MP: 10/10
  2753 | D:4      | Found an ancient bone altar of Kikubaaqudgha.
  2758 | D:4      | Found a deep blue altar of Sif Muna.
  2760 | D:4      | Found a radiant altar of Vehumet.
  2763 | D:4      | Identified Kikubaaqudgha's Volume of Stolen Souls
  2870 | D:4      | Found a staircase to the Ecumenical Temple.
  2886 | Temple   | Entered the Ecumenical Temple
  2927 | Temple   | Became a worshipper of Ashenzari the Shackled
  3096 | D:4      | Got the hunting sling of Awukh {freeze, Str+2}
  3414 | D:4      | Noticed empire's ghost (amateur GnGl)
  3438 | D:4      | Killed empire's ghost
  3749 | D:5      | Entered Level 5 of the Dungeon
  4068 | D:5      | Reached XP level 8. HP: 63/63 MP: 12/12
  4164 | D:5      | Found a sacrificial altar of Ru.
  4313 | D:6      | Reached * piety under Ashenzari
  4313 | D:6      | Noticed a wyvern
  4330 | D:6      | Killed a wyvern
  4336 | D:6      | Found a snail-covered altar of Cheibriados.
  4531 | D:6      | Noticed Sigmund
  4588 | D:6      | Killed Sigmund
  4826 | D:6      | Found a hide-covered altar of Uskayaw.
  5120 | D:7      | Reached XP level 9. HP: 69/69 MP: 14/14
  5162 | D:7      | Found a bloodstained altar of Trog.
  5163 | D:7      | Found an iron altar of Okawaru.
  6216 | D:8      | Noticed a two-headed ogre
  6235 | D:8      | Killed a two-headed ogre
  6235 | D:8      | Reached skill level 5 in Invocations
  6235 | D:8      | Reached XP level 10. HP: 22/77 MP: 15/17
  6321 | D:8      | Found a sand-covered staircase.
  6329 | Ossuary  | Entered an ossuary
  6665 | D:8      | Found a basalt altar of Yredelemnul.
  6711 | D:8      | Reached skill level 5 in Short Blades
  6711 | D:8      | Reached skill level 5 in Long Blades
  6711 | D:8      | Reached skill level 5 in Maces & Flails
  6711 | D:8      | Reached skill level 5 in Polearms
  6711 | D:8      | Reached skill level 5 in Staves
  6711 | D:8      | Reached skill level 5 in Slings
  6711 | D:8      | Reached skill level 5 in Bows
  6711 | D:8      | Reached skill level 5 in Crossbows
  6711 | D:8      | Reached skill level 5 in Armour
  6711 | D:8      | Reached skill level 5 in Stealth
  6711 | D:8      | Reached skill level 5 in Shields
  6711 | D:8      | Reached skill level 5 in Unarmed Combat
  6711 | D:8      | Reached skill level 5 in Spellcasting
  6711 | D:8      | Reached skill level 5 in Evocations
  6959 | D:8      | Noticed a kobold demonologist
  6971 | D:8      | Noticed a rust devil
  6984 | D:8      | Killed a kobold demonologist
  7806 | D:9      | Found a staircase to the Lair.
  7965 | Lair:1   | Entered Level 1 of the Lair of Beasts
  7982 | D:9      | Found Sufunwae's General Store.
  7989 | D:9      | Bought a ration for 65 gold pieces
  7989 | D:9      | Bought a potion of agility for 52 gold pieces
  8038 | D:9      | Reached ** piety under Ashenzari
  8447 | D:9      | Found a shadowy altar of Dithmenos.
  8575 | D:10     | Entered Level 10 of the Dungeon
  8603 | D:10     | Noticed Erica
  8613 | D:10     | Killed Erica
  8613 | D:10     | Reached XP level 11. HP: 62/84 MP: 19/19
  8621 | D:10     | Noticed miragecloak's ghost (novice FoAK)
  8640 | D:10     | Killed miragecloak's ghost
  9011 | D:10     | Found Geass's Assorted Antiques.
  9032 | D:10     | Reached skill level 5 in Conjurations
  9032 | D:10     | Reached skill level 5 in Hexes
  9032 | D:10     | Reached skill level 5 in Charms
  9032 | D:10     | Reached skill level 5 in Summonings
  9032 | D:10     | Reached skill level 5 in Necromancy
  9032 | D:10     | Reached skill level 5 in Translocations
  9032 | D:10     | Reached skill level 5 in Transmutations
  9032 | D:10     | Reached skill level 5 in Fire Magic
  9032 | D:10     | Reached skill level 5 in Ice Magic
  9032 | D:10     | Reached skill level 5 in Air Magic
  9032 | D:10     | Reached skill level 5 in Earth Magic
  9032 | D:10     | Reached skill level 5 in Poison Magic
  9113 | D:10     | Bought a heavily runed buckler for 313 gold pieces
  9113 | D:10     | Bought a scroll of identify for 66 gold pieces
  9113 | D:10     | Identified the +2 buckler "Cikuonix" {Int+5} (You bought it in a shop on level 10 of the Dungeon)
  9310 | D:10     | Killed an unseen horror
  9608 | D:10     | Found a staircase to the Orcish Mines.
 10292 | D:11     | Learned a level 2 spell: Blink
 10295 | D:11     | Learned a level 2 spell: Call Imp
 10298 | D:11     | Learned a level 2 spell: Slow
 10302 | D:11     | Learned a level 3 spell: Mephitic Cloud
 10367 | D:11     | Noticed an eight-headed hydra
 10397 | D:11     | Killed an eight-headed hydra
 10509 | D:11     | Noticed a two-headed ogre
 10519 | D:11     | Killed a two-headed ogre
 10519 | D:11     | Reached XP level 12. HP: 38/93 MP: 22/22
 10764 | D:11     | Noticed Maurice
 10778 | D:11     | Killed Maurice
 10957 | D:11     | Reached *** piety under Ashenzari
 11445 | D:12     | Noticed Redear's ghost (journeyman OpSk)
 11458 | D:12     | Killed Redear's ghost
 12236 | D:12     | Found a roughly hewn altar of Beogh.
 12332 | D:12     | Noticed a death knight
 12343 | D:12     | Killed a death knight
 13037 | D:13     | Noticed a seven-headed hydra
 13045 | D:13     | Killed an eight-headed hydra
 13179 | D:13     | Reached skill level 10 in Axes
 13179 | D:13     | Reached skill level 10 in Dodging
 13227 | D:13     | Noticed Snorg
 13666 | Lair:1   | Reached XP level 13. HP: 41/101 MP: 24/24
 14260 | Lair:1   | Reached **** piety under Ashenzari
 14589 | Lair:1   | Identified 2 scrolls of acquirement
 14975 | Lair:2   | Killed from afar by a wolf

Skill      XL: |  1  2  3  4  5  6  7  8  9 10 11 12 13 |
---------------+----------------------------------------+-----
Invocations    | 1 2 3 4 5 6 7 8 |  8.8
Short Blades   | 1 2 3 4 5 6 7 8 |  8.0
Long Blades    | 1 2 3 4 5 6 7 8 |  8.0
Maces & Flails | 1 2 3 4 5 6 7 8 |  8.0
Polearms       | 1 2 3 4 5 6 7 8 |  8.0
Staves         | 1 2 3 4 5 6 7 8 |  8.0
Slings         | 1 2 3 4 5 6 7 8 |  8.0
Bows           | 1 2 3 4 5 6 7 8 |  8.0
Crossbows      | 1 2 3 4 5 6 7 8 |  8.0
Armour         | 1 2 3 4 5 6 7 8 |  8.0
Stealth        | 1 2 3 4 5 6 7 8 |  8.0
Shields        | 1 2 3 4 5 6 7 8 |  8.0
Unarmed Combat | 1 2 3 4 5 6 7 8 |  8.0
Spellcasting   | 1 2 3 4 5 6 7 8 |  8.0
Evocations     | 1 2 3 4 5 6 7 8 |  8.0
Conjurations   | 1 2 3 4 5 6 |  6.6
Hexes          | 1 2 3 4 5 6 |  6.6
Charms         | 1 2 3 4 5 6 |  6.6
Summonings     | 1 2 3 4 5 6 |  6.6
Necromancy     | 1 2 3 4 5 6 |  6.6
Translocations | 1 2 3 4 5 6 |  6.6
Transmutations | 1 2 3 4 5 6 |  6.6
Fire Magic     | 1 2 3 4 5 6 |  6.6
Ice Magic      | 1 2 3 4 5 6 |  6.6
Air Magic      | 1 2 3 4 5 6 |  6.6
Earth Magic    | 1 2 3 4 5 6 |  6.6
Poison Magic   | 1 2 3 4 5 6 |  6.6
Fighting       | 5 6 7 8 9 |  9.3
Throwing       | 5 6 7 8 9 |  9.3
Axes           | 7 8 9 10 | 10.3
Dodging        | 7 8 9 10 | 10.3

Action                   |  1- 3 |  4- 6 |  7- 9 | 10-12 | 13-15 || total
-------------------------+-------+-------+-------+-------+-------++-------
Melee: War axe           |    99 |   183 |   335 |   587 |       ||  1204
       Punch             |     2 |     1 |    13 |     9 |       ||    25
       Bite              |     9 |    24 |    56 |   101 |    14 ||   204
       Broad axe         |       |       |       |   115 |    76 ||   191
 Fire: Blowgun           |       |       |       |     7 |       ||     7
Throw: Tomahawk          |       |       |    11 |    32 |       ||    43
       Throwing net      |       |       |     3 |       |       ||     3
 Cast: Call Imp          |       |       |       |       |     5 ||     5
       Blink             |       |       |       |       |     1 ||     1
Invok: Curse Item        |       |       |     2 |     4 |       ||     6
Evoke: Wand              |       |       |       |    26 |     8 ||    34
       Lamp of fire      |       |       |       |     1 |       ||     1
  Use: Scroll            |     6 |     2 |     3 |    13 |     5 ||    29
       Potion            |       |     1 |     8 |    21 |     1 ||    31
 Stab: Sleeping          |     2 |       |     3 |    17 |     4 ||    26
  Eat: Chunk             |       |     6 |    13 |    25 |     6 ||    50
Armor: Leather armour    |    23 |     6 |       |       |       ||    29
       Ring mail         |       |    55 |    67 |   186 |    27 ||   335
       Skin              |       |    18 |       |       |       ||    18
Dodge: Dodged            |    88 |   177 |   225 |   531 |    51 ||  1072
Block: Other             |       |       |    36 |    35 |       ||    71
       Reflection        |       |       |     1 |    13 |       ||    14
       Buckler           |       |       |       |   353 |    71 ||   424
